 Dungeon Crawl Stone Soup version 0.29.1-15-g9cfb28693d (webtiles) character file.

Game seed: 16079631786898128365

30 leafyfresh the Covert (level 3, -6/35 HPs)
             Began as a Gnoll Delver on June 16, 2023.
             Mangled by a worm (10 damage)
             ... on level 5 of the Dungeon.
             The game lasted 00:01:20 (289 turns).

leafyfresh the Covert (Gnoll Delver)                 Turns: 289, Time: 00:01:21

Health: -6/35      AC:  3    Str: 11    XL:     3   Next: 20%
Magic:  4/4        EV: 13    Int:  9    God:
Gold:   10         SH:  0    Dex: 15    Spells: 3/3 levels left

rFire   . . .      SeeInvis .   a - +0 short sword
rCold   . . .      Faith    .   (no shield)
rNeg    . . .      Spirit   .   b - +0 leather armour
rPois   .          Reflect  .   (no helmet)
rElec   .          Harm     .   (no cloak)
rCorr   .          Rampage  .   (no gloves)
Will    .....                   (no boots)
Stlth   ++........              (no amulet)
HPRegen 0.11/turn               (no ring)
MPRegen 0.09/turn               (no ring)

@: very slow
A: fangs 1, strong nose, distributed training
a: no special abilities


You were on level 5 of the Dungeon.
You visited 1 branch of the dungeon, and saw 1 of its levels.

You collected 10 gold pieces.

Inventory:

Hand Weapons
 a - a +0 short sword (weapon)
Armour
 b - a +0 leather armour (worn)
Wands
 d - a wand of polymorph (4)
 g - a wand of digging (3)
Scrolls
 c - a scroll of fog
 e - a scroll of fear
 h - a scroll of magic mapping
Potions
 f - a potion of haste


   Skills:
 + Level 6.5 Fighting
 + Level 4.5 Short Blades
 + Level 0.7 Long Blades
 + Level 0.7 Axes
 + Level 0.7 Maces & Flails
 + Level 0.7 Polearms
 + Level 0.7 Staves
 + Level 0.7 Ranged Weapons
 + Level 0.7 Throwing
 + Level 0.7 Armour
 + Level 4.5 Dodging
 + Level 9.5 Stealth
 + Level 0.7 Shields
 + Level 0.7 Unarmed Combat
 + Level 0.7 Spellcasting
 + Level 0.5 Conjurations
 + Level 0.5 Hexes
 + Level 0.5 Summonings
 + Level 0.5 Necromancy
 + Level 0.5 Translocations
 + Level 0.5 Transmutations
 + Level 0.5 Fire Magic
 + Level 0.5 Ice Magic
 + Level 0.5 Air Magic
 + Level 0.5 Earth Magic
 + Level 0.5 Poison Magic
 + Level 0.9 Invocations
 + Level 0.7 Evocations


You had 3 spell levels left.
You didn't know any spells.
Your spell library was empty.

Dungeon Overview and Level Annotations

Branches:
Dungeon (5/15)
 Temple: D:4-7

Altars:

Shops:
D:5 *


Innate Abilities, Weirdness & Mutations

You have very sharp teeth.
Your uncanny sense of smell can sniff out nearby items.
Your experience applies equally to all skills.


Message History

The worm is lightly wounded.
You hit the worm but do no damage. You bite the worm.
The worm is moderately wounded.
The worm splashes around in the water.
Your unstable footing causes you to fumble your attack.
You hit the worm. You bite the worm, but do no damage.
The worm is heavily wounded.
The worm bites you!
* * * LOW HITPOINT WARNING * * *
You hit the worm but do no damage.
The worm is heavily wounded.
You barely miss the worm.
The worm is heavily wounded.
The worm splashes around in the water.
You hit the worm but do no damage.
The worm is moderately wounded.
The worm misses you.
Your unstable footing causes you to fumble your attack.
Your unstable footing causes you to fumble your attack.
The worm splashes around in the water.
Your unstable footing causes you to fumble your attack.
You hit the worm.
The worm is heavily wounded.
The worm bites you but does no damage.
Your unstable footing causes you to fumble your attack.
Your unstable footing causes you to fumble your attack.
The worm closely misses you.
You hit the worm. You bite the worm, but do no damage.
The worm is heavily wounded.
You hit the worm but do no damage.
The worm is heavily wounded.
Your unstable footing causes you to fumble your attack.
The worm splashes around in the water.
You hit the worm but do no damage.
The worm is heavily wounded.
Your unstable footing causes you to fumble your attack.
The worm splashes around in the water.
Your unstable footing causes you to fumble your attack.
The worm bites you!
You die...

#..# ***,* *** *,,* #..#
*#~#*****~** *,,* * #..#
*~~~~~~~~~~***,,* *
#..###~~~****~~~*,,,,*
********##†...##~#*~~**~****,**
,,,,........##.#~#~~∩~*~* *,*
****######.##.##~#~~~~*~****,*
,***######.#.###w##~~**~**,,,*
,,,,........###~@~#~~*~~~*****
,,,,...(...#.##~~~#~~~~~~*
****#########.##†##****~**
##.#.####.#** #.......>.#
##.######## ###


You could see a worm.

Vanquished Creatures
  3 adders (D:5)
  A dart slug (D:5)
4 creatures vanquished.

Vanquished Creatures (others)
  11 plants (D:5)
11 creatures vanquished.

Grand Total: 15 creatures vanquished

Notes
Turn   | Place    | Note
-------+----------+-------------------------------------------
     0 | D:5      | Reached skill level 9 in Stealth
     0 | D:5      | leafyfresh the Gnoll Delver began the quest for the Orb.
     0 | D:5      | Reached XP level 1. HP: 23/23 MP: 1/1
    29 | D:5      | Found Alaniyc's Assorted Antiques.
    55 | D:5      | Reached XP level 2. HP: 13/29 MP: 2/2
   254 | D:5      | Reached XP level 3. HP: 20/35 MP: 2/4
   289 | D:5      | Mangled by a worm

Illustrated notes

Levels and vault maps discovered:
D:5:      layout_loops_ring, gup_sewer_entry_bubbles, serial_shops,
          nicolae_square_shop, nicolae_inconvenience_store, nicolae_shop_trees,
          nicolae_shop_overgrown_old_shop, shop, nicolae_grassy_gnolls

Skill      XL: | |
---------------+-+-----
Stealth        | |  9.5
Fighting       | |  6.5
Short Blades   | |  4.5
Long Blades    | |  0.7
Axes           | |  0.7
Maces & Flails | |  0.7
Polearms       | |  0.7
Staves         | |  0.7
Ranged Weapons | |  0.7
Throwing       | |  0.7
Armour         | |  0.7
Dodging        | |  4.5
Shields        | |  0.7
Unarmed Combat | |  0.7
Spellcasting   | |  0.7
Conjurations   | |  0.5
Hexes          | |  0.5
Summonings     | |  0.5
Necromancy     | |  0.5
Translocations | |  0.5
Transmutations | |  0.5
Fire Magic     | |  0.5
Ice Magic      | |  0.5
Air Magic      | |  0.5
Earth Magic    | |  0.5
Poison Magic   | |  0.5
Invocations    | |  0.9
Evocations     | |  0.7

Action                   || total
-------------------------++-------
Melee: Short sword       ||    57
       Bite              ||     5
       Punch             ||     2
  Use: Scroll            ||     1
 Stab: Sleeping          ||     2
Armor: Leather armour    ||     6
Dodge: Dodged            ||    20
